Map: 카이로스 정션 - 래더

Players

soO - Winner!

  • Race: Zerg Zerg
  • Spawn Location: 11:00

Scarlett

  • Race: Zerg Zerg
  • Spawn Location: 5:00

Event: IEM Season 13: Katowice (2019)

VOD

Have the link to the VOD?

Description

Time

  • Played on: March 1, 2019, 3:44 p.m.
  • Length: 9:07

All games in this series

Show
View Real Time Build Order
Export as new Build Order

soO Zerg - Winner!

Build Orders: Hatch First 

Get SALT Encoding   

  12  0:00  Drone  
  13  0:12  Overlord  
  13  0:17  Drone  
  14  0:30  Drone x2  
  14  0:34  Drone  
  17  0:50  Hatchery  
  17  0:54  Drone  
  17  0:58  Drone  
  18  1:08  Extractor  
  17  1:11  Spawning Pool  
  17  1:15  Drone  
  17  1:18  Drone  
  18  1:27  Drone  
  19  1:38  Drone  
  20  1:48  Overlord  
  20  1:58  Queen  
  22  2:02  Queen, Drone  
  22  2:04  Drone  
  26  2:11  Drone  
  26  2:13  Drone  
  28  2:21  Drone  
  29  2:24  Drone  
  30  2:33  Queen, Drone  
  30  2:36  Overlord  
  33  2:42  Drone  
  34  2:44  Lair  
  34  2:46  Drone  
  35  2:55  Drone  
  35  2:57  Drone  
  37  3:05  Drone x3  
  40  3:07  Drone  
  40  3:09  Evolution Chamber  
  40  3:10  Drone x2  
  40  3:11  Roach Warren  
  40  3:12  Drone  
  42  3:16  Overlord  
  42  3:22  Drone  
  42  3:26  Drone  
  44  3:30  Extractor x2  
  44  3:33  Drone  
  43  3:34  Zerg Missile Weapons Level 1  
  43  3:37  Drone  
  45  3:41  Drone  
  45  3:42  Drone x3  
  48  3:51  Glial Reconstitution  
  48  3:52  Overseer  
  48  3:55  Overseer, Drone  
  49  4:00  Hatchery  
  49  4:01  Roach  
  52  4:03  Roach  
  52  4:04  Overlord  
  52  4:09  Overlord  
  52  4:18  Overlord  
  52  4:21  Overlord  
  52  4:23  Roach x4  
  60  4:28  Roach  
  60  4:29  Roach  
  64  4:33  Roach x2  
  68  4:42  Roach  
  68  4:44  Roach  
  72  4:51  Roach x3  
  72  4:52  Roach x3  
  84  4:58  Overlord  
  84  5:01  Overlord  
  84  5:09  Overlord  
  84  5:12  Roach  
  84  5:13  Roach  
  88  5:16  Roach x3  
  94  5:24  Roach, Drone x2  
  98  5:32  Drone  
  98  5:34  Drone x2  
  101  5:42  Drone x3  
  104  5:43  Drone  
  104  5:44  Drone x2  
  104  5:45  Drone  
  104  5:46  Drone x2  
  98  5:55  Drone x3  
  98  5:56  Drone x2  
  93  5:59  Drone  
  86  6:06  Roach  
  86  6:07  Roach  
  86  6:08  Roach  
  86  6:09  Roach x2, Extractor  
  86  6:10  Extractor  
  96  6:11  Roach, Zerg Missile Weapons Level 2  
  96  6:13  Roach x2  
  96  6:14  Roach  
  96  6:19  Roach  
  96  6:21  Roach x2  
  98  6:30  Roach x2  
  98  6:32  Roach  
  104  6:38  Roach x5  
  104  6:39  Overlord  
  114  6:42  Overlord  
  114  6:43  Overlord  
  114  6:44  Overlord  
  114  6:51  Overlord  
  114  6:54  Overlord  
  114  6:59  Ravager  
  114  7:00  Ravager x2  
  117  7:02  Ravager  
  117  7:03  Roach x4  
  117  7:06  Roach x2  
  130  7:09  Roach  
  130  7:11  Drone x3  
  130  7:12  Roach x2  
  130  7:13  Overlord  
  139  7:17  Roach x3  
  149  7:22  Roach  
  149  7:23  Roach x2  
  151  7:32  Roach x2  
  155  7:38  Roach x4  
  155  7:42  Overlord  
  163  7:45  Drone  
  163  7:48  Roach x3  
  170  7:52  Hatchery  
  170  7:53  Overlord  
  170  7:58  Overlord  
  169  8:00  Ravager  
  169  8:02  Roach x4  
  186  8:12  Roach  
  186  8:13  Roach x3  
  186  8:16  Overlord  
  186  8:19  Ravager  
  188  8:20  Roach x3, Ravager  
  194  8:28  Overlord  
  188  8:36  Roach x2  
  188  8:39  Roach  
  188  8:40  Roach x4  
  196  8:43  Roach x2  
  196  8:47  Roach x2  
  196  8:48  Roach x4  
Show
View Real Time Build Order
Export as new Build Order

Scarlett Zerg 

Build Orders: Hatch First 

Get SALT Encoding   

  12  0:00  Drone  
  13  0:12  Overlord  
  13  0:16  Drone  
  14  0:30  Drone x2  
  16  0:47  Hatchery  
  15  0:50  Drone  
  15  0:54  Drone  
  17  1:08  Spawning Pool  
  17  1:10  Extractor  
  15  1:13  Drone  
  15  1:17  Drone  
  17  1:21  Drone  
  18  1:28  Drone  
  19  1:40  Drone  
  20  1:49  Overlord  
  20  1:54  Queen  
  20  1:59  Queen, Drone x2  
  26  2:10  Drone  
  26  2:11  Drone  
  28  2:21  Drone x2  
  30  2:30  Queen  
  30  2:35  Lair  
  32  2:41  Evolution Chamber  
  32  2:43  Overlord  
  32  2:44  Drone x2  
  32  2:48  Drone  
  34  2:58  Roach Warren  
  34  3:02  Drone x4  
  37  3:08  Drone x3  
  40  3:13  Zerg Missile Weapons Level 1  
  40  3:17  Extractor  
  39  3:20  Drone x3  
  42  3:28  Extractor  
  42  3:31  Overlord  
  41  3:37  Drone x3  
  41  3:38  Overseer  
  44  3:47  Overlord  
  44  3:49  Extractor  
  44  3:51  Roach x4  
  51  3:59  Drone  
  51  4:00  Overlord  
  52  4:03  Pneumatized Carapace  
  52  4:09  Drone  
  54  4:10  Drone  
  54  4:14  Hatchery  
  54  4:16  Drone  
  54  4:17  Drone  
  54  4:18  Drone  
  54  4:20  Drone  
  54  4:23  Drone  
  58  4:26  Glial Reconstitution  
  58  4:32  Roach  
  58  4:33  Roach  
  58  4:36  Overseer  
  62  4:39  Overlord  
  62  4:41  Overlord  
  62  4:47  Drone  
  62  4:49  Roach x2  
  67  4:53  Overlord  
  67  5:00  Roach x4  
  67  5:06  Drone x2  
  77  5:08  Evolution Chamber  
  77  5:12  Zerg Missile Weapons Level 2  
  76  5:15  Drone x3  
  76  5:18  Drone  
  80  5:24  Roach x2  
  80  5:26  Ravager x3  
  87  5:29  Roach  
  87  5:30  Roach  
  87  5:32  Roach  
  87  5:35  Roach  
  93  5:43  Roach  
  93  5:44  Roach x2  
  93  5:46  Roach  
  93  5:47  Roach  
  91  5:53  Roach x3  
  91  5:55  Roach  
  85  5:59  Roach x2  
  83  6:04  Roach x2  
  83  6:06  Roach  
  83  6:08  Roach  
  80  6:12  Roach x2  
  80  6:15  Roach  
  82  6:19  Roach  
  82  6:20  Roach  
  82  6:25  Roach x2  
  84  6:27  Drone  
  84  6:31  Queen  
  89  6:42  Roach  
  89  6:45  Roach x3  
  95  6:52  Roach  
  95  6:53  Overlord x2  
  97  6:58  Overlord  
  97  7:09  Drone  
  97  7:11  Queen  
  100  7:18  Drone  
  100  7:19  Queen, Ravager x4  
  107  7:24  Drone  
  108  7:32  Drone x3  
  111  7:38  Roach x2  
  111  7:41  Ravager x2  
  111  7:42  Roach x2  
  111  7:43  Overlord  
  111  7:44  Overlord  
  121  7:48  Overlord x2  
  121  7:54  Ravager, Overlord  
  122  8:01  Overlord  
  124  8:05  Roach  
  124  8:06  Roach  
  124  8:07  Ravager x2  
  124  8:08  Roach  
  124  8:11  Roach  
  132  8:16  Roach  
  134  8:21  Roach x5  
  134  8:22  Extractor  
  134  8:26  Roach x2  
  143  8:38  Roach x6  
  147  8:44  Roach x2  

Tags
 
Add a new tag
Caveats
  • Supply blocks, unpowered buildings, or Contaminate may cause inaccurate times.
  • Supply counts are checked every 10 seconds.